 Dungeon Crawl Stone Soup version 0.22.0-38-g04b72b8 (webtiles) character file.

571 Lew the Shield-Bearer (level 7, -8/55 HPs)
             Began as a Formicid Fighter on Aug 31, 2018.
             Was an Initiate of Okawaru.
             Mangled by a troll (12 damage)
             ... on level 5 of the Dungeon.
             The game lasted 00:10:25 (6000 turns).

Lew the Shield-Bearer (Formicid Fighter)            Turns: 6000, Time: 00:10:26

Health: -8/55      AC: 12    Str: 18 (21) XL:     7   Next: 60%
Magic:  7/7        EV:  7    Int:  3 (7)  God:    Okawaru [......]
Gold:   248        SH:  9    Dex: 12 (14) Spells: 6/6 levels left

rFire    . . .     SeeInvis +   a - +0 war axe
rCold    . . .     Gourm    .   c - +0 shield
rNeg     . . .     Faith    .   r - +3 chain mail
rPois    +         Spirit   .   (helmet unavailable)
rElec    .         Reflect  .   (no cloak)
rCorr    .         Harm     .   (no gloves)
MR       .....                  (no boots)
Stlth    ..........             (no amulet)
HPRegen  0.18/turn              q - ring of poison resistance
MPRegen  0.10/turn              t - ring of stealth

@: no status effects
A: permanent stasis, dig shafts and tunnels, four strong arms, antennae 3, agile
1, deterioration 2, wild magic 1
a: Dig, Shaft Self, Renounce Religion


You were on level 5 of the Dungeon.
You worshipped Okawaru.
Okawaru was noncommittal.
You were very hungry.

You visited 2 branches of the dungeon, and saw 6 of its levels.

You collected 248 gold pieces.

Inventory:

Hand Weapons
 a - a +0 war axe (weapon)
Armour
 c - a +0 shield (worn)
 r - a +3 chain mail (worn)
 s - a +0 large shield
 u - a +2 scale mail of poison resistance
Jewellery
 o - an uncursed ring of magical power
 q - a ring of poison resistance (left hand)
 t - a ring of stealth (right hand)
Wands
 b - a wand of paralysis (15)
Scrolls
 l - a scroll of amnesia
 m - a scroll of remove curse
 n - a scroll of magic mapping
Potions
 d - 2 potions of might
 e - 2 potions of agility
 g - a potion of brilliance
 p - a potion of lignification
Comestibles
 f - 7 rations


   Skills:
 + Level 4.7 Fighting
 + Level 3.6 Axes
 + Level 4.7 Armour
 + Level 2.5 Dodging
 + Level 3.6 Stealth
 + Level 5.1 Shields


You had 6 spell levels left.
You didn't know any spells.
Your spell library was empty.

Dungeon Overview and Level Annotations

Branches:
Dungeon (5/15)             Temple (1/1) D:4

Altars:
Ashenzari
Cheibriados
Dithmenos
Elyvilon
Fedhas
Gozag
Hepliaklqana
Kikubaaqudgha
Makhleb
Nemelex Xobeh
Okawaru
Qazlal
Ru
Sif Muna
Trog
Uskayaw
Vehumet
Wu Jian
Xom
Yredelemnul
Zin
The Shining One

Annotations:
D:4 3 runed doors, Hepliaklqana's ghost, amateur DENe; Rhok's ghost, novice VSAr


Innate Abilities, Weirdness & Mutations

You cannot be hasted, slowed, berserked, paralysed or teleported.
You can dig through walls and to a lower floor.
Your four strong arms can wield two-handed weapons with a shield.
You have a pair of large antennae on your head. (SInv)
You are agile. (Dex +2)
Your body often deteriorates upon taking damage.
Your spells are a little harder to cast, but a little more powerful.


Message History

The troll barely misses you.
The troll claws you but does no damage. x2
The troll bites you.
* * * LOW HITPOINT WARNING * * *
The troll closely misses you. You block the troll's attack.
It was a potion of magic.
Magic courses through your body. You block the troll's attack.
The troll claws you but does no damage. The troll claws you!
* * * LOW HITPOINT WARNING * * *
Your body deteriorates!
You feel weakened.
You hit the troll but do no damage.
The troll is moderately wounded.
The troll bites you but does no damage. The troll claws you.
* * * LOW HITPOINT WARNING * * *
The troll claws you but does no damage.
You slash the troll!
The troll is heavily wounded.
You block the troll's attack. The troll claws you.
* * * LOW HITPOINT WARNING * * *
You block the troll's attack. The troll bites you!
You die...

.†..........##.(,,..,,*
.###.....(..##..,,.,*,*
.# #........##..##.,*,#
.###........##....,,*.#
.......>....##....,,..*
...##.......##...##.#.#
...###########........#
.### ######T#***** .#
##...##@# .###
#.###...# ...# #.#
#...#
##.#######.###..##
#............#.#
##########.####.# #
#.#**#.# # #..,,..# #
####*###


You could see a troll.

Vanquished Creatures
  A phantom (D:4)
  A centaur (D:5)
  A howler monkey (D:4)
  A hound (D:5)
  2 orc priests (D:4)
  A worker ant (D:5)
  A hound zombie (D:5)
  A worker ant zombie (D:3)
  4 gnolls (D:4)
  5 adders
  2 oozes
  2 adder skeletons (D:4)
  4 worms
  2 dart slugs
  4 leopard geckos
  13 orcs
  A ball python (D:3)
  5 bats
  3 giant cockroaches
  9 goblins
  3 hobgoblins
  11 jackals
  A quokka (D:4)
  A ball python skeleton (D:4)
  7 frilled lizards
  8 kobolds
  A leopard gecko skeleton (D:4)
  2 quokka skeletons
  2 rats
99 creatures vanquished.

Vanquished Creatures (others)
  2 withered plants (D:4)
2 creatures vanquished.

Grand Total: 101 creatures vanquished

Notes
Turn   | Place    | Note
-------+----------+-------------------------------------------
     0 | D:1      | Lew the Formicid Fighter began the quest for the Orb.
     0 | D:1      | Reached XP level 1. HP: 18/18 MP: 1/1
    63 | D:1      | Reached XP level 2. HP: 15/24 MP: 2/2
   322 | D:1      | You fall through a shaft!
   325 | D:2      | You fall through a shaft!
   354 | D:3      | You fall through a shaft!
   358 | D:4      | Reached skill level 1 in Stealth
   372 | D:4      | Reached XP level 3. HP: 14/29 MP: 3/3
   565 | D:4      | Reached skill level 1 in Dodging
   565 | D:4      | Reached skill level 4 in Shields
   565 | D:4      | Reached XP level 4. HP: 14/37 MP: 4/4
   805 | D:4      | Found a runed gate.
   805 | D:4      | Found a runed gate.
   805 | D:4      | Found a runed gate.
   811 | D:4      | Noticed Rhok's ghost (novice VSAr)
   929 | D:4      | Noticed Hepliaklqana's ghost (amateur DENe)
   979 | D:4      | Reached XP level 5. HP: 10/42 MP: 5/5
   993 | D:4      | Noticed a phantom
  1576 | D:4      | Reached XP level 6. HP: 23/48 MP: 6/6
  1899 | D:4      | Killed a phantom
  2188 | D:4      | Found a staircase to the Ecumenical Temple.
  2197 | Temple   | Entered the Ecumenical Temple
  2227 | Temple   | Became a worshipper of Warmaster Okawaru
  5103 | D:3      | Reached XP level 7. HP: 55/55 MP: 7/7
  5187 | D:3      | Found a white marble altar of Elyvilon.
  5325 | D:3      | Found a deep blue altar of Sif Muna.
  5580 | D:5      | Entered Level 5 of the Dungeon
  5593 | D:5      | Gained mutation: Scrolls take you a little longer to read. [potion of mutation]
  5593 | D:5      | Gained mutation: Your body sometimes deteriorates upon taking damage. [potion of mutation]
  5593 | D:5      | Gained mutation: You have a somewhat thin skeletal structure. (Dex +2, Stealth) [potion of mutation]
  5736 | D:5      | Lost mutation: You have a somewhat thin skeletal structure. (Dex +2, Stealth) [potion of mutation]
  5736 | D:5      | Lost mutation: Scrolls take you a little longer to read. [potion of mutation]
  5736 | D:5      | Gained mutation: Your body often deteriorates upon taking damage. [potion of mutation]
  5736 | D:5      | Gained mutation: Your spells are a little harder to cast, but a little more powerful. [potion of mutation]
  5736 | D:5      | Gained mutation: You are agile. (Dex +2) [potion of mutation]
  5827 | D:5      | Reached skill level 5 in Shields
  5990 | D:5      | Noticed a troll
  6000 | D:5      | Mangled by a troll

Skill      XL: |  1  2  3  4  5  6  7 |
---------------+----------------------+-----
Stealth        | 1 2 3 |  3.6
Dodging        | 1 2 |  2.5
Shields        | 4 5 |  5.1
Fighting       | 4 |  4.7
Armour         | 4 |  4.7
Axes           | 3 |  3.6

Action                   |  1- 3 |  4- 6 |  7- 9 || total
-------------------------+-------+-------+-------++-------
Melee: War axe           |    67 |   216 |    92 ||   375
 Abil: Shaft Self        |     3 |       |       ||     3
  Use: Scroll            |       |       |    10 ||    10
       Potion            |       |       |     5 ||     5
  Eat: Ration            |       |     4 |       ||     4
       Chunk             |       |     3 |       ||     3
Armor: Scale mail        |    49 |    69 |     8 ||   126
       Chain mail        |       |       |    51 ||    51
Dodge: Dodged            |    29 |    89 |    39 ||   157
Block: Shield            |    40 |   125 |    74 ||   239
